 Dungeon Crawl Stone Soup version 0.30-a0-722-g3e6e8c874d (webtiles) character file.

Game seed: 13307941291660376309

91 Dittersdorf the Shield-Bearer (level 4, -1/29 HPs)
             Began as a Gargoyle Fighter on Jan 27, 2023.
             Slain by a gnoll
             ... wielding a +0 flail
              (6 damage)
             ... on level 2 of the Dungeon.
             The game lasted 00:01:42 (1477 turns).

Dittersdorf the Shield-Bearer (Gargoyle Fighter)    Turns: 1477, Time: 00:01:43

Health: -1/29      AC: 17    Str: 22    XL:     4   Next: 57%
Magic:  4/4        EV:  9    Int:  8    God:
Gold:   85         SH:  4    Dex:  9    Spells: 3/3 levels left

rFire   . . .      SeeInvis .    a - +0 flail
rCold   . . .      Faith    .    c - +0 buckler
rNeg    + . .      Spirit   .    b - +0 scale mail
rPois   ∞          Reflect  .    o - +0 helmet
rElec   +          Harm     .    (no cloak)
rCorr   +          Rampage  .    n - +0 pair of gloves
Will    .....                    (no boots) Stlth
                                 (no amulet)
HPRegen 0.24/turn                k - ring of resist corrosion
MPRegen 0.09/turn                m - +4 ring of protection

@: no status effects
A: sickness immunity, AC +3, negative energy resistance 1, electricity
resistance, torment resistance 1, petrification resistance
a: no special abilities


You were on level 2 of the Dungeon.
You visited 1 branch of the dungeon, and saw 2 of its levels.

You collected 85 gold pieces.

Inventory:

Hand Weapons
 a - a +0 flail (weapon)
Armour
 b - a +0 scale mail (worn)
 c - a +0 buckler (worn)
 n - a +0 pair of gloves (worn)
 o - a +0 helmet (worn)
Jewellery
 k - a ring of resist corrosion (left hand)
 m - a +4 ring of protection (right hand)
Wands
 p - a wand of flame (11)
Scrolls
 e - a scroll of enchant armour {unknown}
 l - a scroll of noise {unknown}
Potions
 d - 2 potions of might
 f - a potion of attraction {unknown}
 g - a potion of heal wounds {unknown}
 h - a potion of curing {unknown}
 i - a potion of invisibility {unknown}
 j - a potion of lignification {unknown}


   Skills:
 + Level 4.0 Fighting
 + Level 2.8 Maces & Flails
 + Level 4.0 Armour
 + Level 4.1 Shields


You had 3 spell levels left.
You didn't know any spells.
Your spell library was empty.

Dungeon Overview and Level Annotations

Branches:
Dungeon (2/15)

Altars:


Innate Abilities, Weirdness & Mutations

You are immune to sickness and miasma.
Your stone body is resilient. (AC +3)
You are immune to poison.
You resist negative energy. (rN+)
You are resistant to electric shocks. (rElec)
You are resistant to unholy torment.
You are immune to petrification.


Message History

The gnoll hits you but does no damage. x2; You block the gnoll's attack.
The gnoll hits you with a +0 club.
* * * LOW HITPOINT WARNING * * *
You block the gnoll's attack. The gnoll hits you but does no damage.
You are too injured to fight recklessly!
You are too injured to fight recklessly!
You are too injured to fight recklessly!
You are too injured to fight recklessly!
You are too injured to fight recklessly!
You are too injured to fight recklessly!
You are too injured to fight recklessly!
You are too injured to fight recklessly!
You are too injured to fight recklessly!
You are too injured to fight recklessly!
You are too injured to fight recklessly!
You are too injured to fight recklessly!
You are too injured to fight recklessly!
You are too injured to fight recklessly!
A nearby plant withers and dies.
The gnoll attacks as you move away! The gnoll hits you but does no damage.
The gnoll barely misses you. The gnoll attacks as you move away!
You block the gnoll's attack. The gnoll attacks as you move away!
You block the gnoll's attack.
You sock the gnoll!
You kill the gnoll!
Your Shields skill increases to level 4!
You hit the gnoll.
You kill the gnoll!
Your Fighting skill increases to level 4!
You hit the gnoll but do no damage. The gnoll hits you but does no damage.
You sock the gnoll!
The gnoll is severely wounded.
The gnoll hits you with a +0 whip.
* * * LOW HITPOINT WARNING * * *
You sock the gnoll!
You kill the gnoll!
Your Armour skill increases to level 4!
You closely miss the gnoll. The gnoll hits you but does no damage.
The gnoll hits you with a +0 flail.
You die...

#.#'##.####.# #...........#
#.### #.#'##.####.# ...##
#.#..#.#.⌠#.# ...#
#.#.†'.'..#.# #..#
#.####.####.# #..#
............# #..#########
###################....[......
##...# #.##.@g..........#
#....# #.##.######...##.#
#.##....###.##.# #...#
#..............# #...#
.####..###.##.# #..†#
#.###..........# #.....
#....<......#... ..P.....
#######.#####.### ..PP....P..
########.# #.# #..P..P..P..


You could see a gnoll.

Vanquished Creatures
  Robin (D:2)
  3 gnolls (D:2)
  A dart slug (D:1)
  4 endoplasms
  11 goblins
  7 hobgoblins
  3 jackals (D:1)
  A quokka (D:1)
  2 ball pythons
  4 bats
  3 frilled lizards
  2 kobolds (D:1)
  3 rats
45 creatures vanquished.

Vanquished Creatures (others)
  3 plants (D:2)
3 creatures vanquished.

Grand Total: 48 creatures vanquished

Notes
Turn   | Place    | Note
-------+----------+-------------------------------------------
     0 | D:1      | Dittersdorf the Gargoyle Fighter began the quest for the
                  | Orb.
     0 | D:1      | Reached XP level 1. HP: 14/14 MP: 1/1
   197 | D:1      | Reached XP level 2. HP: 19/19 MP: 2/2
   686 | D:1      | Reached XP level 3. HP: 23/23 MP: 3/3
   994 | D:2      | Identified the +3 mace of Okyinike {freeze, *Corrode Dex+6}
  1295 | D:2      | Noticed Robin
  1323 | D:2      | Killed Robin
  1347 | D:2      | Reached XP level 4. HP: 13/29 MP: 4/4
  1477 | D:2      | Slain by a gnoll

Illustrated notes

Levels and vault maps discovered:
D:1:      heliophobic_arrival_battle_scene, layout_basic
D:2:      minmay_door_path, layout_loops_ring, serial_shops,
          nicolae_shop_bloodbath_and_beyond, nicolae_grassy_gnolls, uniq_robin,
          uniq_terence

Skill      XL: |  1  2  3  4 |
---------------+-------------+-----
Shields        | 4 |  4.1
Fighting       | 4 |  4.0
Armour         | 4 |  4.0
Maces & Flails | |  2.8

Action                     |  1- 3 |  4- 6 || total
---------------------------+-------+-------++-------
  Melee: Flail             |   128 |    29 ||   157
 Armour: Scale mail        |    69 |    19 ||    88
  Dodge: Dodged            |    63 |    10 ||    73
  Block: Buckler           |    27 |     8 ||    35

Table legend: (Time is in decaauts)
 A = Elapsed time spent in this place.
 B = Non-inter-level travel time spent in this place.
 C = Inter-level travel time spent in this place.
 D = Time resting spent in this place.
 E = Time spent auto-exploring this place.
 F = Levels seen in this place.
 G = Mean time per level.
                   A        B        C        D        E       F      G
               +--------+--------+--------+--------+--------+-----+--------+
         Total |   1526 |   1473 |     53 |     30 |   1097 |   2 |  763.0 |
       Dungeon |   1526 |   1473 |     53 |     30 |   1097 |   2 |  763.0 |
               +--------+--------+--------+--------+--------+-----+--------+

Top non-repeatable levels by time:
     D:1: 1031 daAuts
     D:2: 494 daAuts
